 Dungeon Crawl Stone Soup version 0.27.1-1-g398f81649c (webtiles) character file.

Game seed: 12470905565646652201

122 GameOver the Conjurer (level 5, -6/42 HPs)
             Began as a Naga Hedge Wizard on Sept 13, 2021.
             Mangled by Grinder (8 damage)
             ... while paralysed by Grinder
             ... on level 3 of the Dungeon on Sept 14, 2021.
             The game lasted 00:09:39 (1846 turns).

GameOver the Conjurer (Naga Hedge Wizard)           Turns: 1846, Time: 00:09:40

Health: -6/42      AC:  2    Str: 12      XL:     5   Next: 6%
Magic:  0/9        EV:  1    Int: 14 (16) God:
Gold:   109        SH:  0    Dex: 10      Spells: 4/10 levels left

rFire    . . .     SeeInvis +   a - +0 quarterstaff
rCold    . . .     Faith    .   (shield currently unavailable)
rNeg     . . .     Spirit   .   b - +0 robe
rPois    +         Reflect  .   c - +0 hat
rElec    .         Harm     .   (no cloak)
rCorr    .         Rampage  .   (no gloves)
Will     .....                  (no barding)
Stlth    ++........             (no amulet)
HPRegen  0.14/turn              (no ring)
MPRegen  0.11/turn              (no ring)

@: paralysed, short of breath, very slow
A: AC +1, large, see invisible, deformed body, poison resistance, slowness 2,
spit poison 1, naga tail 1
a: Spit Poison


You were on level 3 of the Dungeon.
You visited 1 branch of the dungeon, and saw 3 of its levels.

You collected 109 gold pieces.

Inventory:

Hand Weapons
 a - a +0 quarterstaff (weapon)
Armour
 b - a +0 robe (worn)
 c - a +0 hat (worn)
 i - a +0 buckler
Wands
 k - a wand of iceblast (9)
Scrolls
 d - a scroll of identify {unknown}
 f - a scroll of teleportation {unknown}
 h - a scroll of vulnerability {unknown}
 l - a scroll of noise {unknown}
 m - a scroll of magic mapping {unknown}
Potions
 g - a potion of attraction {unknown}
 j - a potion of lignification {unknown}


   Skills:
 - Level 1.5 Dodging
 - Level 3.0 Stealth
 - Level 3.0 Spellcasting
 + Level 4.7 Conjurations
 - Level 1.0 Summonings
 - Level 1.0 Translocations


You had 4 spell levels left.
You knew the following spells:

 Your Spells              Type           Power      Damage    Failure   Level
a - Magic Dart            Conj           60%        1d6       3%          1
b - Blink                 Tloc           N/A        N/A       22%         2
c - Mephitic Cloud        Conj/Pois/Air  6%         N/A       34%         3

Your spell library contained the following spells:

 Spells                   Type           Power      Damage    Failure   Level
 Shock                    Conj/Air       32%        1d5       9%          1
 Call Imp                 Summ           4%         N/A       22%         2
 Conjure Flame            Conj/Fire      8%         6-21      24%         3
 Dazzling Flash           Conj/Hex       16%        N/A       24%         3
 Slow                     Hex            2%         N/A       32%         2
 Swiftness                Air            2%         N/A       54%         3
 Iskenderun's Mystic Bla  Conj/Tloc      10%        2d4       54%         4
 Airstrike                Air            1%         N/A       91%         4
 Starburst                Conj/Fire      4%         6d3       100%        6


Dungeon Overview and Level Annotations

Branches:
Dungeon (3/15)

Altars:
Trog

Annotations:
D:3 Grinder


Innate Abilities, Weirdness & Mutations

Your serpentine skin is tough. (AC +1)
You have supernaturally acute eyesight. (SInv)
Armour fits poorly on your strangely shaped body.
Your system is resistant to poisons. (rPois)
You cover ground very slowly.
You can spit poison.
You have a snake-like lower body.


Message History

Press: ? - help, Shift-Dir - straight line, f/p - Grinder
Aim: Grinder (heavily wounded, 100% to hit)
The magic dart hits Grinder but does no damage.
Grinder is heavily wounded.
Grinder hits you.
You writhe in agony.
Unknown command.
Unknown command.
Unknown command.
Unknown command.
Unknown command.
Unknown command.
Press: ? - help, Shift-Dir - straight line, f/p - Grinder
Aim: Grinder (heavily wounded)
The splash of poison hits Grinder.
Grinder is heavily wounded.
Grinder barely misses you.
Casting: Magic Dart (safe; 3% risk of failure)
Confirm with . or Enter, or press ? or * to list all spells.
Aiming: Magic Dart (safe; 3% risk of failure)
Press: ? - help, Shift-Dir - straight line, f/p - Grinder
Aim: Grinder (heavily wounded, 100% to hit)
The magic dart hits Grinder.
Grinder is severely wounded.
Grinder hits you!
* * * LOW HITPOINT WARNING * * *
You writhe in agony.
* * * LOW HITPOINT WARNING * * *
Unknown command.
You feel better. Grinder gestures at you.
You suddenly lose the ability to move!
Grinder hits you.
* * * LOW HITPOINT WARNING * * *
Grinder says, "I used to sell toenails on the black market."
Grinder hits you.
* * * LOW HITPOINT WARNING * * *
You writhe in agony.
* * * LOW HITPOINT WARNING * * *
Grinder hits you!
You die...

≈.#.#.................[#.#......#
.≈#.#.........#...<#............#
.≈#.#.........#....#.......#.####
.≈#.#..............#.......#.#
.≈#....##..........#.......#'###
#....##..........#...........#
#................##..........#
#..#..............#..........#
..##..........@...#..........#
#........##5...!..........#
#........##......####.....#
#........##......# #.....#
#........##...............#
.........#...............#
....... #.....>.........#
#...............#
#...............#


You could see Grinder.

Vanquished Creatures
  Jessica (D:2)
  3 adders
  3 worms
  2 dart slugs (D:1)
  An orc (D:1)
  4 ball pythons
  7 bats
  An endoplasm (D:1)
  2 giant cockroaches
  7 goblins
  3 hobgoblins
  3 jackals (D:2)
  A quokka (D:3)
  13 frilled lizards (D:1)
  4 kobolds
  2 rats (D:1)
57 creatures vanquished.

Vanquished Creatures (others)
  4 plants (D:1)
4 creatures vanquished.

Grand Total: 61 creatures vanquished

Notes
Turn   | Place    | Note
-------+----------+-------------------------------------------
     0 | D:1      | GameOver the Naga Hedge Wizard began the quest for the Orb.
     0 | D:1      | Reached XP level 1. HP: 15/15 MP: 4/4
   110 | D:1      | Reached skill level 2 in Conjurations
   110 | D:1      | Reached XP level 2. HP: 17/22 MP: 3/6
   266 | D:1      | Reached XP level 3. HP: 28/28 MP: 1/7
   269 | D:1      | Learned a level 2 spell: Blink
   273 | D:1      | Learned a level 3 spell: Mephitic Cloud
   372 | D:1      | Reached skill level 3 in Conjurations
   439 | D:1      | Found a faded altar of an unknown god.
  1158 | D:2      | Reached XP level 4. HP: 23/36 MP: 2/8
  1230 | D:2      | Noticed Jessica
  1235 | D:2      | Killed Jessica
  1236 | D:2      | Reached skill level 4 in Conjurations
  1707 | D:3      | Reached XP level 5. HP: 34/42 MP: 6/9
  1742 | D:3      | Noticed Grinder
  1785 | D:3      | Found a bloodstained altar of Trog.
  1843 | D:3      | Paralysed by Grinder for 6 turns
  1845 | D:3      | HP: 1/42 [Grinder (5)]
  1846 | D:3      | Mangled by Grinder

Illustrated notes

Levels and vault maps discovered:
D:1:      sevenhm_arrival_forest_fort_large_1, layout_basic,
          chequers_ecumenical_altar_simple, corexii_leaking_fountain,
          st_stairs_14, hex_large, minmay_lizard_king
D:2:      layout_rooms, minmay_misc_feat_rows, uniq_jessica
D:3:      layout_basic, mainiacjoe_overflow_small_starburst,
          mainiacjoe_overflow_six_doors_small, mainiacjoe_overflow_paths,
          mainiacjoe_overflow_chevrons, gammafunk_ghost_nasty_kobolds,
          uniq_grinder, uniq_sigmund

Skill      XL: |  1  2  3  4 |
---------------+-------------+-----
Conjurations   | 2 3 4 |  4.7
Dodging        | |  1.5
Stealth        | |  3.0
Spellcasting   | |  3.0
Summonings     | |  1.0
Translocations | |  1.0

Action                   |  1- 3 |  4- 6 || total
-------------------------+-------+-------++-------
Melee: Quarterstaff      |    11 |       ||    11
 Cast: Magic Dart        |    48 |    36 ||    84
 Abil: Spit Poison       |    30 |    22 ||    52
  Use: Potion            |     2 |     1 ||     3
Armor: Robe              |    12 |     1 ||    13
Dodge: Dodged            |    22 |     3 ||    25
